 Dungeon Crawl Stone Soup version 0.24-a0-445-gd5110b030a (webtiles) character file.

Game seed: 1841834394749866467

108 forest the Sneak (level 4, 0/23 HPs)
             Began as a Spriggan Assassin on June 22, 2019.
             Slain by Purgy (2 damage)
             ... in a sewer.
             The game lasted 00:09:27 (2848 turns).

forest the Sneak (Spriggan Assassin)                Turns: 2848, Time: 00:09:29

Health: 0/23       AC:  5    Str: 10    XL:     4   Next: 58%
Magic:  5/5        EV: 18    Int: 12    God:
Gold:   88         SH:  0    Dex: 17    Spells: 3/3 levels left

rFire    . . .     SeeInvis +   a - +3 dagger
rCold    . . .     Gourm    .   (shield restricted)
rNeg     . . .     Faith    .   b - +0 robe
rPois    .         Spirit   .   (helmet restricted)
rElec    .         Reflect  .   c - +0 cloak
rCorr    .         Harm     .   (gloves unavailable)
MR       .....                  (boots unavailable)
Stlth    ++++......             (no amulet)
HPRegen  0.07/turn              (no ring)
MPRegen  0.09/turn              (no ring)

@: very quick
A: very small, unfitting armour, thin metallic scales 1, see invisible,
herbivore, speed 3, mutation resistance 1, slow metabolism 2, strong 1
a: no special abilities


You were in a sewer.
You were not hungry.

You visited 1 branch of the dungeon, and saw 3 of its levels.
You also visited: Sewer.

You collected 88 gold pieces.

Inventory:

Hand Weapons
 a - a +3 dagger (weapon)
Missiles
 d - 3 poisoned darts (quivered)
 e - 2 curare-tipped darts
 l - 70 stones
 p - 8 boomerangs
Armour
 b - a +0 robe (worn)
 c - a +0 cloak (worn)
Jewellery
 g - an uncursed ring of wizardry {unknown}
 v - a +3 ring of protection
 w - an uncursed amulet of faith
Potions
 h - a potion of agility {unknown}
 j - a potion of brilliance {unknown}
 q - a potion of cancellation
 t - a potion of resistance {unknown}
Comestibles
 f - 4 rations


   Skills:
 + Level 1.8 Fighting
 + Level 3.2 Short Blades
 + Level 2.4 Throwing
 + Level 3.3 Dodging
 + Level 7.1 Stealth


You had 3 spell levels left.
You didn't know any spells.
Your spell library was empty.

Dungeon Overview and Level Annotations

Branches:
Dungeon (3/15)

Altars:
Uskayaw

Annotations:
Sewer Purgy


Innate Abilities, Weirdness & Mutations

You are very small and have problems with some larger weapons.
You are too small for most types of armour.
You have supernaturally acute eyesight. (SInv)
You are a herbivore.
You cover ground extremely quickly.
You need to consume almost no food.
You are partially covered in thin metallic scales. (AC +2)
You are somewhat resistant to further mutation.
Your muscles are strong. (Str +2)


Message History

Purgy is heavily wounded.
You hear a splash.
Purgy snarls, "My home!
Leave!"
Purgy closely misses you. x2; Purgy claws you.
You hit Purgy.
Purgy is heavily wounded.
Purgy bites you. Purgy barely misses you. Purgy claws you.
Throwing (i - inventory. (/) - cycle)
d - 4 poisoned darts (quivered)
Press: ? - help, Shift-Dir - straight line, f/p - Purgy
Aim: Purgy (heavily wounded, poisoned)
You throw a poisoned dart. The poisoned dart hits Purgy.
Purgy looks even sicker.
Purgy is heavily wounded.
You hear a splash.
Purgy barely misses you. Purgy closely misses you. Purgy barely misses you.
It was a potion of cancellation.
You feel magically purged. Purgy bites you.
* * * LOW HITPOINT WARNING * * *
Purgy closely misses you. Purgy completely misses you.
You feel magically purged. Purgy bites you.
You die...

###≈≈≈≈≈≈≈≈≈≈≈≈≈
#≈≈≈≈≈≈≈≈≈≈≈≈≈≈≈
##≈≈≈≈≈≈≈≈≈≈≈≈≈≈≈
#≈≈≈≈≈≈≈≈≈≈≈≈≈≈≈≈
###≈≈≈≈≈≈≈≈≈≈≈≈≈≈≈≈
#≈≈≈≈≈≈≈≈≈≈≈≈≈≈≈≈≈≈
##≈≈≈≈≈≈≈≈≈≈≈≈≈≈≈≈≈≈
##≈≈≈≈≈≈≈≈@T≈≈≈≈≈..≈≈
#≈#≈≈≈≈≈≈≈≈..###≈#.###≈
≈≈≈≈≈≈≈≈≈≈.### (#
≈≈≈≈≈≈≈≈≈≈≈≈# (#
≈≈≈≈≈≈≈≈≈≈≈## .#
#≈≈≈≈≈≈≈≈≈.# ≈#
#≈≈≈≈≈≈≈≈## ≈#
##≈≈≈≈≈≈≈≈# ≈#
#≈≈≈≈≈≈≈≈##


You could see Purgy.

Vanquished Creatures
  Jessica (D:2)
  An ooze (D:1)
  A worm (D:2)
  6 dart slugs
  2 leopard geckos (D:1)
  4 giant cockroaches
  5 goblins
  3 hobgoblins
  7 jackals
  8 kobolds
  A quokka (D:2)
  3 ball pythons
  7 bats
  7 frilled lizards
  3 rats
59 creatures vanquished.

Notes
Turn   | Place    | Note
-------+----------+-------------------------------------------
     0 | D:1      | forest the Spriggan Assassin began the quest for the Orb.
     0 | D:1      | Reached XP level 1. HP: 10/10 MP: 2/2
     6 | D:1      | Reached skill level 6 in Stealth
   175 | D:1      | Reached XP level 2. HP: 14/14 MP: 3/3
   957 | D:1      | Reached XP level 3. HP: 13/18 MP: 4/4
  1460 | D:2      | Found a hide-covered altar of Uskayaw.
  1533 | D:2      | Reached skill level 7 in Stealth
  1833 | D:2      | Noticed Jessica
  1838 | D:2      | Killed Jessica
  1838 | D:2      | Reached XP level 4. HP: 23/23 MP: 5/5
  2556 | D:2      | Gained mutation: You are partially covered in thin metallic
                  | scales. (AC +2) [potion of mutation]
  2556 | D:2      | Gained mutation: Your muscles are strong. (Str +2) [potion
                  | of mutation]
  2556 | D:2      | Gained mutation: You are somewhat resistant to further
                  | mutation. [potion of mutation]
  2754 | D:3      | Found a glowing drain.
  2767 | Sewer    | Entered a sewer
  2829 | Sewer    | Noticed Purgy
  2848 | Sewer    | Slain by Purgy

Levels and vault maps discovered:
D:1:      saegor_arrival_simple_c, layout_basic
D:2:      minmay_evil_eye, layout_rooms, lemuel_crystal_altar, uniq_jessica
D:3:      layout_rooms, nicolae_ru_great_annihilating_truth,
          grunt_temple_overflow_open, portal_sewer_entry_b,
          minmay_joined_circles
Sewer:    sewer_co_purgy_island

Skill      XL: |  1  2  3  4 |
---------------+-------------+-----
Stealth        | 6 7 |  7.1
Dodging        | 2 3 |  3.3
Short Blades   | 3 |  3.2
Fighting       | |  1.8
Throwing       | |  2.4

Action                   |  1- 3 |  4- 6 || total
-------------------------+-------+-------++-------
Melee: Dagger            |   166 |    74 ||   240
Throw: Dart              |    11 |     7 ||    18
  Use: Scroll            |       |     9 ||     9
       Potion            |       |     3 ||     3
 Stab: Sleeping          |     8 |     6 ||    14
Armor: Robe              |    43 |    22 ||    65
Dodge: Dodged            |   158 |    99 ||   257

Table legend:
 A = Non-vault XP
 B = Vault XP
 C = Vault XP percentage of total XP
 D = Non-vault monster count
 E = Vault monster count
 F = Vault count percentage of total count
                 A         B        C        D         E       F
            +---------+---------+-------+---------+---------+-------
      Total |     109 |      46 |  29.7 |      51 |       8 |  13.6
            +---------+---------+-------+---------+---------+-------
        D:1 |      66 |       0 |   0.0 |      31 |       0 |   0.0
        D:2 |      43 |      40 |  48.2 |      20 |       3 |  13.0
      Sewer |       0 |       6 | 100.0 |       0 |       5 | 100.0
            +---------+---------+-------+---------+---------+-------
